 Dungeon Crawl Stone Soup version 0.28.0 (webtiles) character file.

Game seed: 1454054642377186763

42 Sledge the Stinger (level 3, -2/23 HPs)
             Began as a Draconian Venom Mage on Feb 16, 2022.
             Was a Follower of Hepliaklqana.
             Slain by an adder (3 damage)
             ... on level 2 of the Dungeon.
             The game lasted 00:10:01 (1672 turns).

Sledge the Stinger (Draconian Venom Mage)           Turns: 1672, Time: 00:10:01

Health: -2/23      AC:  5    Str: 10    XL:     3   Next: 35%
Magic:  6/6        EV: 12    Int: 17    God:    Hepliaklqana [*.....]
Gold:   40         SH:  0    Dex: 11    Spells: 2/6 levels left

rFire   . . .      SeeInvis .   (no weapon)
rCold   . . .      Faith    .   (no shield)
rNeg    . . .      Spirit   .   (armour unavailable)
rPois   .          Reflect  .   (helmet restricted)
rElec   .          Harm     .   b - scarf {repulsion}
rCorr   .          Rampage  .   (no gloves)
Will    .....                   (no boots)
Stlth   +.........              (no amulet)
HPRegen 0.07/turn               (no ring)
MPRegen 0.10/turn               (no ring)

@: silenced, repel missiles
A: reduced essence, AC +5, unfitting armour, cold-blooded
a: Renounce Religion


You were on level 2 of the Dungeon.
You worshipped Hepliaklqana.
Hepliaklqana was aware of your devotion.
You visited 1 branch of the dungeon, and saw 2 of its levels.

You collected 40 gold pieces.

Inventory:

Armour
 b - a scarf of repulsion (worn)


   Skills:
 + Level 0.1 Fighting
 + Level 2.0 Dodging
 + Level 1.9 Stealth
 * Level 0.5 Unarmed Combat
 + Level 2.3 Spellcasting
 + Level 1.6 Transmutations
 + Level 3.2 Poison Magic
 * Level 1.1 Invocations


You had 2 spell levels left.
You knew the following spells:

 Your Spells              Type           Power      Damage    Failure   Level
a - Sting                 Tmut/Pois      40%        1d5       7%          1
b - Mephitic Cloud        Conj/Pois/Air  5%         N/A       34%         3

Your spell library contained the following spells:

 Spells                   Type           Power      Damage    Failure   Level
 Poisonous Vapours        Pois/Air       14%        N/A       14%         2
 Olgreb's Toxic Radiance  Pois           13%        N/A       43%         4


Dungeon Overview and Level Annotations

Branches:
Dungeon (2/15)

Altars:
Hepliaklqana


Innate Abilities, Weirdness & Mutations

Your life essence is reduced to manifest your ancestor. (-10% HP)
Your plain brown scales are hard. (AC +5)
You cannot fit into any form of body armour.
You are cold-blooded and may be slowed by cold attacks.


Message History

The adder closely misses you.
The bat closely misses Seth.
You barely miss the hobgoblin. Your punch misses the hobgoblin.
The hobgoblin is almost dead.
The bat barely misses Seth.
The bat hits Seth.
The hobgoblin hits you but does no damage.
The adder bites you.
You are poisoned.
The adder poisons you!
The bat hits Seth.
You aren't carrying any potions.
You feel sick. The bat hits you but does no damage.
Seth closely misses the bat.
The bat completely misses you.
You feel sick. The bat misses you.
Seth closely misses the bat.
The bat barely misses Seth.
The adder closely misses you.
You feel sick. The bat closely misses you.
Seth closely misses the bat.
You hit the bat.
The bat is moderately wounded.
You feel sick. The bat barely misses you.
Seth hits the bat but does no damage.
The bat hits you. The hobgoblin barely misses you. The adder bites you.
You aren't carrying any potions.
You aren't carrying any items that you can evoke.
You barely miss the bat.
The bat is moderately wounded.
You feel sick. The bat barely misses you.
Seth closely misses the bat.
The adder bites you but does no damage.
The hobgoblin hits you but does no damage.
You feel sick. The bat barely misses you.
The bat closely misses Seth.
The adder barely misses you.
Seth misses the bat.
The hobgoblin hits you but does no damage.
The adder bites you.
* * * LOW HITPOINT WARNING * * *
* * * LOW HITPOINT WARNING * * *
You feel sick.
You are no longer poisoned.
The bat closely misses you. The hobgoblin closely misses you.
The bat closely misses you.
Seth hits the bat but does no damage.
A rat comes into view.
Found 8 gold pieces.
The bat closely misses you.
Magic scrolls do not work when you're silenced!
The bat hits you but does no damage. The adder bites you.
You die...

#........#
#........#
#.>.§§§..#
#..§§§...#
#.§§§§§..#
#####.§§§§§..#
.......Rwg...#
###...bS#####
#.##@...$# ...
#.###.r# ..#
..# .... ##
..## ... ###
.. .


You could see the friendly Seth the ancestor, a worm, an adder, a hobgoblin, a
bat (ally target) and a rat.

Vanquished Creatures
  A bat (D:1)
  2 endoplasms (D:1)
  4 giant cockroaches (D:1)
  2 goblins (D:1)
  3 hobgoblins (D:1)
  2 jackals (D:1)
  4 kobolds (D:1)
  2 quokkas (D:1)
  2 ball pythons (D:1)
  3 frilled lizards (D:1)
  2 rats (D:1)
27 creatures vanquished.

Vanquished Creatures (collateral kills)
  An endoplasm (D:1)
  2 giant cockroaches (D:1)
  4 jackals (D:1)
  A kobold (D:1)
  A ball python (D:1)
9 creatures vanquished.

Vanquished Creatures (others)
  An ancestor (D:1)
  A plant (D:1)
2 creatures vanquished.

Grand Total: 38 creatures vanquished

Notes
Turn   | Place    | Note
-------+----------+-------------------------------------------
     0 | D:1      | Sledge the Draconian Venom Mage began the quest for the
                  | Orb.
     0 | D:1      | Reached XP level 1. HP: 14/14 MP: 3/3
   205 | D:1      | Reached XP level 2. HP: 20/20 MP: 0/5
   661 | D:1      | Found a faded altar of an unknown god.
   893 | D:1      | Prayed at the altar of an unknown god.
   893 | D:1      | Became a worshipper of Hepliaklqana the Forgotten
   893 | D:1      | Reached * piety under Hepliaklqana
  1356 | D:1      | Reached XP level 3. HP: 21/23 MP: 3/6
  1364 | D:1      | Learned a level 3 spell: Mephitic Cloud
  1440 | D:1      | Reached skill level 1 in Invocations
  1669 | D:2      | HP: 1/23 [poisoned by an adder]
  1672 | D:2      | Slain by an adder

Illustrated notes

Levels and vault maps discovered:
D:1:      psy_arrival_conway, layout_basic, shapermc_ecumenical_altar_gd,
          hex_medium, minmay_worlds_worst_comb
D:2:      layout_rooms

Skill      XL: |  1  2  3 |
---------------+----------+-----
Dodging        | 2 |  2.0
Invocations    | 1 |  1.1
Fighting       | |  0.1
Stealth        | |  1.9
Unarmed Combat | |  0.5
Spellcasting   | |  2.3
Transmutations | |  1.6
Poison Magic   | |  3.2

Action                   || total
-------------------------++-------
Melee: Unarmed           ||    38
       Tailslap          ||     1
 Cast: Sting             ||    47
       Mephitic Cloud    ||     1
Invok: Ancestor Identity ||     1
  Use: Scroll            ||     2
 Stab: Distracted        ||     1
Armor: Skin              ||    31
Dodge: Dodged            ||    64
